 Dungeon Crawl Stone Soup version 0.31-a0-986-g5e6e4ef867 (webtiles) character file.

Game seed: 11034327489241239

6 dialectric the Sneak (level 1, -1/11 HPs)
             Began as a Spriggan Delver on Nov 11, 2023.
             Was an Initiate of Dithmenos.
             Killed from afar by a dart slug (3 damage)
             ... with a slug dart
             ... on level 3 of the Dungeon.
             The game lasted 00:01:30 (228 turns).

dialectric the Sneak (Spriggan Delver)               Turns: 228, Time: 00:01:30

Health: -1/11      AC:  2    Str:  7    XL:     1   Next: 75%
Magic:  2/2        EV: 18    Int: 10    God:    Dithmenos [......]
Gold:   10         SH:  0    Dex: 20    Spells: 0/0 levels left

rFire   x . .        a - +0 short sword
rCold   . . .        (no shield)
rNeg    . . .        b - +0 robe
rPois   .            (helmet restricted)
rElec   .            (no cloak)
rCorr   .            (gloves unavailable)
SInv    +            (boots unavailable)
Will    .....        (no amulet)
Stlth   ++++         (no ring)
HPRegen 0.21/turn    (no ring)
MPRegen 0.08/turn

%: no passive effects
@: very quick
A: very small, no large weapons, unfitting armour, see invisible, speed 3, agile
1, heat vulnerability 1
a: Renounce Religion


You were on level 3 of the Dungeon.
You worshipped Dithmenos.
Dithmenos was noncommittal.
You visited 2 branches of the dungeon, and saw 4 of its levels.

You collected 10 gold pieces.

Inventory:

Hand Weapons
 a - a +0 short sword (weapon)
Armour
 b - a +0 robe (worn)
Jewellery
 l - a +6 ring of intelligence
Wands
 g - a wand of digging (2)
 k - a wand of mindburst (20)
Scrolls
 c - a scroll of fog
 d - a scroll of revelation
 e - a scroll of fear
 h - 2 scrolls of identify {unknown}
 j - a scroll of silence {unknown}
 n - a scroll of poison {unknown}
Potions
 f - 2 potions of haste
 i - a potion of curing {unknown}


   Skills:
 + Level 2.4 Fighting
 + Level 2.2 Short Blades
 + Level 2.7 Dodging
 + Level 7.6 Stealth


You couldn't memorise any spells.
You didn't know any spells.
Your spell library was empty.

Dungeon Overview and Level Annotations

Branches:
Dungeon (5/15)             Temple (1/1) D:5

Altars:
Ashenzari
Dithmenos
Gozag
Kikubaaqudgha
Makhleb
Nemelex Xobeh
Okawaru
Qazlal
Ru
Trog
Vehumet
Xom
Zin
The Shining One


Innate Abilities, Weirdness & Mutations

You are very small and have problems with some larger weapons.
You are too small for most types of armour.
You have supernaturally acute eyesight. (SInv)
You cover ground extremely quickly. (Speed+++)
You are agile. (Dex +4, Str/Int -1)
You are vulnerable to heat. (rF-)


Message History

Found 3 stones.
A hobgoblin comes into view.
Found a stone staircase leading down.
Found a potion of haste.
The bat attacks as it pursues you! The bat barely misses you.
The bat closely misses you.
The goblin shoots a sling bullet.
The sling bullet barely misses you.
A dart slug comes into view.
The dart slug moves out of view.
f - 2 potions of haste (gained 1)
There are no items here.
Found a tubular jade ring.
An ogre and a rat come into view.
The ogre shouts!
A goblin comes into view. It is wielding a +0 club.
The hobgoblin shouts!
The rat closely misses you. The rat attacks as it pursues you!
The rat misses you.
Hit: a) +0 short sword
Press: ? - help, Dir - move target, f - rat
Aim: a rat (about 36% to evade your +0 short sword)
Okay, then.
Unknown command.
Aiming: Dig
Press: ? - help, Shift-Dir - straight line A rock wall.
The rock shatters into small pieces.
The dart slug launches a dart at you. The slug dart hits you.
Unknown command.
The rat attacks as it pursues you! The rat barely misses you.
The goblin shoots a sling bullet.
The sling bullet hits you.
* * * LOW HITPOINT WARNING * * *
The dart slug attacks as it pursues you!
The dart slug bites you.
* * * LOW HITPOINT WARNING * * *
It was a potion of mutation.
You feel extremely strange.
You feel vulnerable to heat.
You feel agile. The dart slug launches a dart at you. The slug dart hits you.
You die...

.##.g.......#.....#
##.#...##.#.....# #
#g##.###.###g###.#
#.##..g.....gr...#
#.###########O#.##
..# #w# .. #.# ##
#.# #@# #.# #.# ###


You could see an ogre, a dart slug, a hobgoblin, a goblin and a rat.

Vanquished Creatures
  A dart slug (D:3)
  An orc (D:5)
  A hobgoblin (D:4)
3 creatures vanquished.

Notes
Turn   | Place    | Note
-------+----------+-------------------------------------------
     0 | D:5      | dialectric the Spriggan Delver began the quest for the Orb.
     0 | D:5      | Reached XP level 1. HP: 11/11 MP: 2/2
     0 | D:5      | Found a staircase to the Ecumenical Temple.
    35 | D:5      | Noticed a jelly
    36 | Temple   | Entered the Ecumenical Temple
    85 | Temple   | Became a worshipper of Dithmenos the Shadowed
   154 | D:4      | Noticed an ogre
   217 | D:3      | Noticed an ogre
   226 | D:3      | Gained mutation: You are vulnerable to heat. (rF-) [potion
                  | of mutation]
   226 | D:3      | Gained mutation: You are agile. (Dex +4, Str/Int -1)
                  | [potion of mutation]
   228 | D:3      | Killed from afar by a dart slug

Illustrated notes

Levels and vault maps discovered:
D:3:      minmay_door_path, layout_loops_ring, nicolae_sif_muna_condensation,
          minmay_misc_feat_enclosed, st_stairs_3
D:4:      layout_basic, slow_altar_2, grunt_decor_mini_mirrors,
          skrybe_limestone_x, fountainhead
D:5:      layout_basic, general_overflow_altar, kennysheep_mini_moat,
          minmay_temple_entry_sparse_star, cheibrodos_sewer_entry_bend,
          nicolae_tricolors
Temple:   eino_temple_water

Action                     || total
---------------------------++-------
  Melee: Short sword       ||    13
  Evoke: Wand              ||     1
    Use: Potion            ||     1
   Stab: Sleeping          ||     2
 Armour: Robe              ||     9
  Dodge: Dodged            ||    27

Table legend: (Time is in decaauts)
 A = Elapsed time spent in this place.
 B = Non-inter-level travel time spent in this place.
 C = Inter-level travel time spent in this place.
 D = Time resting spent in this place.
 E = Time spent auto-exploring this place.
 F = Levels seen in this place.
 G = Mean time per level.
                   A        B        C        D        E       F      G
               +--------+--------+--------+--------+--------+-----+--------+
         Total |    150 |    140 |     10 |      0 |      0 |   4 |   37.5 |
       Dungeon |    109 |    109 |      0 |      0 |      0 |   3 |   36.3 |
        Temple |     41 |     31 |     10 |      0 |      0 |   1 |   41.0 |
               +--------+--------+--------+--------+--------+-----+--------+

Top non-repeatable levels by time:
     D:4: 50 daAuts
  Temple: 41 daAuts
     D:5: 39 daAuts
     D:3: 18 daAuts
